 Dungeon Crawl Stone Soup version 0.23-a0-451-g1044d4c (webtiles) character file.

25 theanonym the Magician (level 2, -1/23 HPs)
             Began as a Mummy Warper on Nov 22, 2018.
             Slain by an ooze (2 damage)
             ... on level 1 of the Dungeon.
             The game lasted 00:01:05 (983 turns).

theanonym the Magician (Mummy Warper)                Turns: 983, Time: 00:01:06

Health: -1/23      AC:  3    Str: 14    XL:     2   Next: 86%
Magic:  5/5        EV: 11    Int: 12    God:
Gold:   19         SH:  0    Dex: 11    Spells: 6/6 levels left

rFire    x . .     SeeInvis .   a - +0 mace
rCold    + . .     Gourm    .   (no shield)
rNeg     + + +     Faith    .   b - +0 leather armour
rPois    ∞         Spirit   .   (no helmet)
rElec    .         Reflect  .   (no cloak)
rCorr    .         Harm     .   (no gloves)
MR       .....                  (no boots)
Stlth    +.........             (no amulet)
HPRegen  0.07/turn              (no ring)
MPRegen  0.09/turn              (no ring)

@: no status effects
A: no food or potions, fire vulnerability, cold resistance 1, negative energy
resistance 3, torment resistance, unbreathing
a: no special abilities


Innate Abilities, Weirdness & Mutations

You do not eat or drink.
Your flesh is vulnerable to fire.
You are immune to poison.
Your flesh is cold resistant. (rC+)
You are immune to negative energy. (rN+++)
You are immune to unholy pain and torment.
You can survive without breathing.


   Skills:
 + Level 2.5 Fighting
 * Level 2.5 Maces & Flails
 - Level 0.7 Throwing
 - Level 0.7 Armour
 - Level 1.5 Dodging
 - Level 2.6 Spellcasting
   Level 2.4 Translocations


You had 6 spell levels left.
You didn't know any spells.
Your spell library contained the following spells:

 Spells                   Type           Power        Failure   Level  Hunger
 Blink                    Tloc           N/A          19%         2    N/A
 Shroud of Golubria       Chrm/Tloc      #.........   30%         2    N/A
 Gell's Gravitas          Tloc           #.........   34%         3    N/A
 Lesser Beckoning         Tloc           #.........   34%         3    N/A
 Teleport Other           Tloc           #.......     34%         3    N/A
 Passage of Golubria      Tloc           N/A          75%         4    N/A

Skill      XL: |  1 |
---------------+----+-----
Maces & Flails | 2 |  2.5
Fighting       | |  2.5
Throwing       | |  0.7
Armour         | |  0.7
Dodging        | |  1.5
Spellcasting   | |  2.6
Translocations | |  2.4

Action                   || total
-------------------------++-------
Melee: Mace              ||    85
Throw: Tomahawk          ||     4
 Stab: Sleeping          ||     1
Armor: Leather armour    ||    24
Dodge: Dodged            ||    57

Inventory:

Hand Weapons
 a - a +0 mace (weapon)
Missiles
 e - a tomahawk of dispersal (quivered)
Armour
 b - a +0 leather armour (worn)
Jewellery
 c - a +3 amulet of reflection {unknown}
   (You found it on level 1 of the Dungeon)
Scrolls
 d - a scroll of remove curse {unknown}
 B - a scroll of blinking


You were on level 1 of the Dungeon.
You were not hungry.

You visited 1 branch of the dungeon, and saw 1 of its levels.

You collected 19 gold pieces.

Dungeon Overview and Level Annotations

Branches:
Dungeon (1/15)

Altars:

########## ###### #........## #
#....# #.......# #
#....###+#.#.#.#.# ######
#....#.....#(#...# #.....
###........###.###.### #.....
...........#.))J.#...# #.....
.........###.###@###.# #.....
.........#$.. #).$#(# #.....
...#(.#..### #.###.# ######
.(.#..#....# ..#...#
...#..#.##.### ###.##############
.............# #.................
#.###.#.##.#.###..#########.#####
#.#...#....#......# #..#
#.###.######....#.# ##+#


You could see an ooze.

Notes
Turn   | Place    | Note
-------+----------+-------------------------------------------
     0 | D:1      | theanonym the Mummy Warper began the quest for the Orb.
     0 | D:1      | Reached XP level 1. HP: 16/16 MP: 4/4
   169 | D:1      | HP: 8/16 [giant cockroach (2)]
   174 | D:1      | HP: 3/16 [rat (2)]
   468 | D:1      | Reached skill level 2 in Maces & Flails
   477 | D:1      | Reached XP level 2. HP: 15/22 MP: 5/5
   956 | D:1      | HP: 9/23 [hobgoblin/+0 club (6)]
   980 | D:1      | HP: 6/23 [hobgoblin/+0 hand axe (1)]
   982 | D:1      | HP: 1/23 [ooze (4)]
   983 | D:1      | Slain by an ooze

Vanquished Creatures
  A dart slug (D:1)
  A leopard gecko (D:1)
  3 bats (D:1)
  3 giant cockroaches (D:1)
  3 goblins (D:1)
  3 hobgoblins (D:1)
  4 kobolds (D:1)
  4 rats (D:1)
22 creatures vanquished.

Table legend:
 A = Turns spent in this place as a percentage of turns spent in the entire game.
 B = Non-inter-level travel turns spent in this place as a percentage of non-inter-level travel turns spent in the entire game.
 C = Inter-level travel turns spent in this place as a percentage of turns spent in this place.
 D = Turns resting spent in this place as a percentage of non-inter-level travel turns spent in this place.
 E = Turns spent auto-exploring this place as a percentage of non-inter-level travel turns spent in this place.
 F = Non-inter-level travel turns spent in this place divided by the number of levels of this place that you've seen.
                   A       B       C       D       E      F
               +-------+-------+-------+-------+-------+----------------------
         Total | 100.0 | 100.0 |   0.0 |  49.9 |  35.2 | 983.0
       Dungeon | 100.0 | 100.0 |   0.0 |  49.9 |  35.2 | 983.0
               +-------+-------+-------+-------+-------+----------------------
